 Dungeon Crawl Stone Soup version 0.16.1-18-g436b03c (webtiles) character file.

114 Leviathan2552 the Firebug (level 4, -10/24 HPs)
             Began as a Gargoyle Fire Elementalist on May 4, 2015.
             Mangled by Sovek's ghost (11 damage)
             ... on level 3 of the Dungeon.
             The game lasted 00:25:10 (2293 turns).

Leviathan2552 the Firebug (GrFE)                    Turns: 2293, Time: 00:25:11

Health: -10/24     AC:  6    Str: 12    XL:     4   Next: 97%
Magic:  6/8        EV: 12    Int: 16    God:
Gold:   131        SH:  0    Dex: 10    Spells: 1 memorised, 7 levels left

rFire  + . .     SeeInvis .     h - -1 dagger (curse)
rCold  x . .     Clarity  .     a - +0 robe
rNeg   + . .     SustAb   .     (no shield)
rPois  ∞         Gourm    .     (no helmet)
rElec  +         Spirit   .     (no cloak)
rCorr  .         Warding  .     (no gloves)
rMut   .         Stasis   .     i - +0 pair of boots
MR     .....                    (no amulet)
Stlth  ++........               (no ring)
                                e - ring of fire

@: not resistant to hostile enchantments, unstealthy
A: negative energy resistance 1, electricity resistance, unbreathing,
petrification resistance, rot immunity, AC +3
a: no special abilities


You were on level 3 of the Dungeon.
You were not hungry.

You visited 1 branch of the dungeon, and saw 3 of its levels.

You collected 131 gold pieces.

Inventory:

Hand weapons
 h - a cursed -1 dagger (weapon)
 q - a +0 long sword
 u - a +1 dagger of holy wrath
Armour
 a - a +0 robe (worn)
 i - a +0 pair of boots (worn)
 s - a +0 pair of boots
 v - a +0 robe
Jewellery
 e - a ring of fire (left hand)
Scrolls
 j - 2 scrolls of identify
 o - a scroll of teleportation
 t - a scroll of fear
Potions
 d - 2 potions of curing {unknown}
 k - a potion of lignification {unknown}
 m - a potion of poison {unknown}
 n - a potion of flight {unknown}
 p - a potion of restore abilities {unknown}
 r - a potion of agility {unknown}
Books
 b - a book of Flames

   Spells                             Type                      Level
   a - Flame Tongue                   Conjuration/Fire             1
   b - Throw Flame                    Conjuration/Fire             2
   c - Conjure Flame                  Conjuration/Fire             3
   d - Inner Flame                    Hexes/Fire                   3
   e - Sticky Flame                   Conjuration/Fire             4
   f - Fireball                       Conjuration/Fire             5
Comestibles
 c - 3 bread rations
 f - 2 slices of pizza
 g - a chunk of flesh
 l - a meat ration


   Skills:
 + Level 2.4 Dodging
 - Level 2.1 Stealth
 + Level 2.6 Spellcasting
 * Level 2.4 Conjurations
 + Level 3.9 Fire Magic


You had 7 spell levels left.
You knew the following spells:

 Your Spells              Type           Power        Failure   Level  Hunger
a - Flame Tongue          Conj/Fire      ###..        8%          1    #......


Dungeon Overview and Level Annotations

Branches:
Dungeon (3/15)

Altars:

Annotations:
D:3 Ijyb; Sovek's ghost, experienced GrMo


Innate Abilities, Weirdness & Mutations

You are resistant to torment.
You are immune to poison.
Your stone body is very resilient (AC +3).
You resist negative energy.
You are resistant to electric shocks.
You can survive without breathing.
You are immune to petrification.
You are immune to rotting.


Message History

Ijyb screams, "Get away!"
Sovek's ghost whispers, "Trust me.
Just give in."
Sovek's ghost hits you.
* * * LOW HITPOINT WARNING * * *
Casting: Flame Tongue
Confirm with . or Enter, or press ? or * to list all spells.
Aiming: Flame Tongue
Press: ? - help, Shift-Dir - straight line, f/p - Sovek's ghost
Aim: Sovek's ghost You feel a surge of power!
The flame tongue hits Sovek's ghost.
Sovek's ghost appears unharmed.
Casting: Flame Tongue
Confirm with . or Enter, or press ? or * to list all spells.
Aiming: Flame Tongue
Press: ? - help, Shift-Dir - straight line, f/p - Sovek's ghost
Aim: Sovek's ghost You feel a surge of power!
The flame tongue hits Sovek's ghost.
Sovek's ghost is lightly damaged.
Sovek's ghost hits you!
You die...

#r# #.....r.# #+#
#.#
###.##########.#
#.# #.#........#.#
#.# #.#.######.#.##
# #.#
#r#.######....####
# #.#
#.#.##...........##
#####.#
#g#.##.###....#...#
r.g...# #W#.##.#
#.#.#.#.#. #######
#.@....###.#..##...
#
###........#.#.###.
# ##########.##.#.#
# #.###.## # #. ###
# #. #. .. .


You could see Ijyb, Sovek's ghost and a rat.

Vanquished Creatures
  Natasha (twice) (D:3)
  An adder (D:2)
  A gnoll (D:1)
  2 worms (D:2)
  2 giant geckos (D:2)
  3 giant cockroaches (D:2)
  8 goblins
  6 hobgoblins
  2 jackals (D:1)
  9 kobolds
  A ball python (D:1)
  5 bats
  7 rats
  A toadstool (D:1)
50 creatures vanquished.

Vanquished Creatures (others)
  3 toadstools (D:1)
3 creatures vanquished.

Grand Total: 53 creatures vanquished

Notes
Turn   | Place    | Note
--------------------------------------------------------------
     0 | D:1      | Leviathan2552, the Gargoyle Fire Elementalist, began the quest for the Orb.
     0 | D:1      | Reached XP level 1. HP: 10/10 MP: 3/3
   224 | D:1      | Reached XP level 2. HP: 10/15 MP: 0/4
   644 | D:1      | Reached XP level 3. HP: 6/19 MP: 1/6
  1744 | D:2      | Reached XP level 4. HP: 20/24 MP: 1/8
  2086 | D:3      | Noticed Natasha
  2099 | D:3      | Killed Natasha
  2198 | D:3      | Noticed Natasha
  2202 | D:3      | Killed Natasha
  2236 | D:3      | Noticed Sovek's ghost (experienced GrMo)
  2237 | D:3      | Noticed Ijyb
  2290 | D:3      | HP: 1/24 [Sovek's ghost (5)]
  2293 | D:3      | Mangled by Sovek's ghost

Action                   |  1- 3 |  4- 6 || total
-------------------------+-------+-------++-------
Melee: Unarmed           |     7 |       ||     7
       Dagger            |   129 |    14 ||   143
 Cast: Flame Tongue      |    67 |    22 ||    89
  Use: Scroll            |     4 |       ||     4
  Eat: Chunk             |     4 |     2 ||     6
